[Event "Titled Tuesday Blitz April 18 Early 2023"]
[White "Anton Guijarro, David"]
[Black "Hua, Lefong"]
[WhiteFideId "2285525"]
[BlackFideId "2602253"]
[WhiteElo "2618"]
[BlackElo "2642"]
[Result "0-1"]
[Round "03"]
[TimeControl "180+2"]
[Date "2023.04.18"]
[WhiteClock "0:00:08"]
[BlackClock "0:00:28"]

1. d4 Nf6 2. Nf3 g6 3. Bg5 Bg7 4. Nbd2 O-O 5. e4 d6 6. h3 c5 7. dxc5 dxc5 8. Bc4 Qc7 9. Qe2 h6 10. Bxf6 exf6 11. O-O Nc6 12. c3 b6 13. Bd5 Bb7 14. Nc4 Rad8 15. Rad1 Ba6 16. b3 Ne7 17. Rfe1 f5 18. Qc2 fxe4 19. Bxe4 Bxc4 20. bxc4 Rxd1 21. Rxd1 Rd8 22. Re1 Qd6 23. h4 Qf6 24. Re3 Qd6 25. Rd3 Qc7 26. h5 Rxd3 27. Qxd3 gxh5 28. g3 Bf6 29. Bd5 Kg7 30. Kf1 Qd7 31. Ke2 Qf5 32. Be4 Qe6 33. Kd2 Ng6 34. Bf5 Qe7 35. Qd5 Ne5 36. Ne1 Qd8 37. Kc2 Qe8 38. Ng2 Qa4+ 39. Kb2 Nxc4+ 40. Kc1 Qxa2 41. Kd1 Nb2+ 0-1


[Site "https://www.chess.com"]

[Event "Titled Tuesday Blitz April 18 Early 2023"]
[White "Demchenko, Anton"]
[Black "Seemann, Jakub"]
[WhiteFideId "4160258"]
[BlackFideId "21874697"]
[WhiteElo "2545"]
[BlackElo "2364"]
[Result "1-0"]
[Round "03"]
[TimeControl "180+2"]
[Date "2023.04.18"]
[WhiteClock "0:00:58"]
[BlackClock "0:01:41"]

1. e4 c5 2. Nc3 d6 3. Bb5+ Bd7 4. a4 g6 5. f4 Bg7 6. Nf3 Nc6 7. O-O a6 8. Bxc6 Bxc6 9. a5 f5 10. Ng5 Qd7 11. Nd5 fxe4 12. Nb6 Qf5 13. Nxa8 h6 14. Ne6 Bf6 15. g4 Qxe6 16. Nc7+ Kd7 17. Nxe6 Kxe6 18. c3 Kd7 19. d3 e6 20. Be3 Ne7 21. dxe4 Bxe4 22. Bxc5 Nd5 23. Bd4 Bh4 24. Bxh8 1-0


[Site "https://www.chess.com"]

[Event "Titled Tuesday Blitz April 18 Early 2023"]
[White "Kamsky, Gata"]
[Black "Harshad S"]
[WhiteFideId "2000024"]
[BlackFideId "46616551"]
[WhiteElo "2660"]
[BlackElo "2163"]
[Result "1-0"]
[Round "03"]
[TimeControl "180+2"]
[Date "2023.04.18"]
[WhiteClock "0:01:07"]
[BlackClock "0:00:18"]

1. d4 Nf6 2. Nf3 d5 3. Bf4 c5 4. e3 Nc6 5. c3 Qb6 6. Qb3 c4 7. Qc2 Bf5 8. Qc1 Nh5 9. Bg3 Nxg3 10. hxg3 h6 11. Nbd2 e6 12. Be2 Bd6 13. Bd1 e5 14. dxe5 Nxe5 15. Nxe5 Bxe5 16. Nf3 Bf6 17. Bc2 Bxc2 18. Qxc2 O-O-O 19. O-O Kb8 20. Rfd1 g6 21. Rd2 Rd7 22. Rad1 Rhd8 23. Nd4 h5 24. Ne2 Be5 25. Nf4 Qc6 26. Rc1 Qf6 27. Qd1 Qc6 28. Qf3 Ka8 29. Rcd1 Bxf4 30. gxf4 Qe6 31. Rd4 f5 32. b3 cxb3 33. axb3 a6 34. Qe2 Qc6 35. Qd3 Rc8 36. Rc1 Kb8 37. Qd2 Rcc7 38. Rd3 Qe6 39. Rd1 Qb6 40. c4 Rd6 41. cxd5 Qb5 42. Qb2 Ka7 43. b4 Rcd7 44. Qd4+ Qb6 45. Kh2 Qxd4 46. Rxd4 Kb6 47. Kg3 Kb5 48. Kh4 b6 49. Kg5 a5 50. bxa5 bxa5 51. g3 Ka6 52. Rc1 Kb5 53. Rb1+ Ka6 54. Ra1 Rxd5 55. Rxd5 Rxd5 56. Kxg6 Rd2 57. Kxf5 Kb5 58. e4 a4 59. e5 Kb4 60. e6 a3 61. e7 Re2 62. Kf6 Kb3 63. Kf7 Kb2 64. Rxa3 Kxa3 65. e8=Q Rxe8 66. Kxe8 Kb3 67. f5 Kc3 68. f6 Kd3 69. f7 Ke2 70. f8=Q h4 71. gxh4 1-0


[Site "https://www.chess.com"]

[Event "Titled Tuesday Blitz April 18 Early 2023"]
[White "Drygalov, Andrey"]
[Black "SashaKuzhilniy"]
[WhiteFideId "24171735"]
[WhiteElo "2466"]
[BlackElo "2559"]
[Result "1-0"]
[Round "03"]
[TimeControl "180+2"]
[Date "2023.04.18"]
[WhiteClock "0:00:43"]
[BlackClock "0:00:06"]

1. e4 d5 2. exd5 Qxd5 3. Nc3 Qe5+ 4. Be2 Bg4 5. d4 Bxe2 6. Ngxe2 Qa5 7. O-O Nf6 8. b4 Qh5 9. d5 e6 10. dxe6 Bxb4 11. exf7+ Qxf7 12. Rb1 Nc6 13. Qd3 O-O 14. a3 Ba5 15. Bg5 Bb6 16. Qh3 Rae8 17. Nf4 Ne4 18. Nxe4 Rxe4 19. Nd3 Ne5 20. Be3 Nxd3 21. cxd3 Ra4 22. Rb4 Rxa3 23. Rf4 Qe7 24. Rxf8+ Qxf8 25. Qe6+ Kh8 26. d4 h6 27. h3 Ra5 28. d5 Qd6 29. Qe8+ Kh7 30. Qe4+ Qg6 31. Qf3 Ra3 32. h4 Bxe3 33. fxe3 Ra2 34. e4 a5 35. e5 a4 36. e6 Qe8 37. Qe4+ Qg6 38. Qxg6+ Kxg6 39. Re1 Kf6 40. e7 Ra1 41. e8=Q 1-0


[Site "https://www.chess.com"]

[Event "Titled Tuesday Blitz April 18 Early 2023"]
[White "Goltsev, Dmitry"]
[Black "Janaszak, Dawid"]
[WhiteFideId "24176710"]
[BlackFideId "1119206"]
[WhiteElo "2336"]
[BlackElo "2220"]
[Result "0-1"]
[Round "03"]
[TimeControl "180+2"]
[Date "2023.04.18"]
[WhiteClock "0:00:03"]
[BlackClock "0:00:07"]

1. e4 c5 2. Nf3 Nc6 3. d4 cxd4 4. Nxd4 e5 5. Nf5 d5 6. Qxd5 Qxd5 7. exd5 Bxf5 8. dxc6 bxc6 9. Bd3 Bxd3 10. cxd3 Nf6 11. Nc3 O-O-O 12. Ke2 Nd5 13. Be3 Kb7 14. Rac1 f5 15. f3 Be7 16. Rc2 Nb4 17. Rd2 g5 18. Rc1 Rhg8 19. Na4 g4 20. f4 exf4 21. Bxf4 Rge8 22. Kf1 Nxd3 23. Rc4 Nxf4 24. Rxd8 Bxd8 25. Rxf4 Re5 26. Rd4 Kc7 27. b3 Bh4 28. g3 Bf6 29. Rd3 h5 30. Rd2 h4 31. Kg2 h3+ 32. Kf2 Re4 33. Nc5 Re7 34. a3 Bc3 35. Rd3 Bb2 36. b4 Bf6 37. Rd2 Be5 38. Kf1 f4 39. gxf4 Bxf4 40. Rf2 Be3 41. Re2 Bxc5 42. bxc5 Rf7+ 43. Rf2 Rd7 44. Rf4 Rd2 45. Rxg4 Rxh2 46. Rg7+ Kb8 47. Kg1 Ra2 48. Rg3 h2+ 49. Kh1 Rc2 50. Rg5 Kb7 51. a4 Ka6 52. Rh5 Ka5 53. Rh7 a6 54. Rh5 Kxa4 55. Rh6 Kb5 56. Rh5 a5 57. Rh8 a4 58. Rb8+ Kxc5 59. Rb2 Rc1+ 60. Kxh2 a3 61. Re2 Kb4 62. Kg3 Kb3 63. Re3+ Rc3 0-1


[Site "https://www.chess.com"]

[Event "Titled Tuesday Blitz April 18 Early 2023"]
[White "Aydincelebi, Kagan"]
[Black "Elgersma, Onno"]
[WhiteFideId "6361102"]
[BlackFideId "1053531"]
[WhiteElo "2180"]
[BlackElo "2252"]
[Result "1-0"]
[Round "03"]
[TimeControl "180+2"]
[Date "2023.04.18"]
[WhiteClock "0:00:26"]
[BlackClock "0:00:13"]

1. e4 c6 2. d4 d5 3. exd5 cxd5 4. Bd3 Nc6 5. c3 Qc7 6. Ne2 Bg4 7. O-O e6 8. Nd2 Bd6 9. h3 Bh5 10. Nb3 Nf6 11. Bg5 Ne4 12. Bxe4 dxe4 13. Qd2 O-O 14. Bf4 Rad8 15. Bxd6 Qxd6 16. Nf4 Bg6 17. Nxg6 hxg6 18. Rfe1 f5 19. Qg5 e5 20. Rad1 exd4 21. Nxd4 Qf6 22. Qxf6 gxf6 23. Ne6 Rxd1 24. Rxd1 Re8 25. Nf4 Kf7 26. Kf1 g5 27. Rd7+ Re7 28. Rxe7+ Kxe7 29. Nd5+ Ke6 30. Ne3 Ne5 31. Ke2 f4 32. Nd1 Kd5 33. g3 f5 34. gxf4 gxf4 35. h4 Ng4 36. b3 f3+ 37. Kd2 f4 38. h5 Ke5 39. c4 Kf6 40. c5 Kg5 41. b4 Kxh5 42. b5 Ne5 43. Nc3 Nc4+ 44. Ke1 e3 45. c6 bxc6 46. bxc6 Kg4 47. Nd5 e2 48. c7 Nd6 49. Ne7 a5 50. c8=Q+ Nxc8 51. Nxc8 Kf5 52. Nd6+ Ke5 53. Nc4+ Kd4 54. Nxa5 Kc3 55. Nc6 Kb2 56. a4 1-0


[Site "https://www.chess.com"]

[Event "Titled Tuesday Blitz April 18 Early 2023"]
[White "Milikow, Yoav"]
[Black "Dushyant Sharma"]
[WhiteFideId "2822237"]
[BlackFideId "25065130"]
[WhiteElo "2410"]
[BlackElo "2198"]
[Result "1-0"]
[Round "03"]
[TimeControl "180+2"]
[Date "2023.04.18"]
[WhiteClock "0:00:06"]
[BlackClock "0:00:01"]

1. c4 e6 2. Nc3 d5 3. d4 c6 4. e4 dxe4 5. Nxe4 Bb4+ 6. Bd2 Qxd4 7. Bxb4 Qxe4+ 8. Be2 Na6 9. Bd6 Nf6 10. Nf3 Bd7 11. O-O O-O-O 12. Ne5 Be8 13. Bf3 Qf5 14. Re1 g5 15. g4 Qf4 16. c5 h5 17. gxh5 g4 18. Ng6 fxg6 19. Bxf4 Rxd1 20. Bxd1 gxh5 21. Rxe6 Nd5 22. Bd6 Bd7 23. Re5 h4 24. Be2 Nf4 25. Bf1 Nh3+ 26. Kg2 Nf4+ 27. Kh1 Be6 28. Rd1 Bd5+ 29. Kg1 Nh3+ 30. Bxh3 gxh3 31. Rg5 Re8 32. f4 Bg2 33. f5 Nb4 34. f6 Nd5 35. f7 Rd8 36. Rg8 1-0


[Site "https://www.chess.com"]

[Event "Titled Tuesday Blitz April 18 Early 2023"]
[White "Bacallao Alonso, Yusnel"]
[Black "Eynullayev, Atilla"]
[WhiteFideId "3507416"]
[BlackFideId "13413570"]
[WhiteElo "2561"]
[BlackElo "2181"]
[Result "1-0"]
[Round "03"]
[TimeControl "180+2"]
[Date "2023.04.18"]
[WhiteClock "0:00:25"]
[BlackClock "0:00:05"]

1. d4 Nf6 2. Nf3 d5 3. c4 e6 4. Nc3 Nbd7 5. cxd5 exd5 6. Bf4 c6 7. Qc2 Nb6 8. e3 Be7 9. h3 O-O 10. Bd3 Be6 11. Ng5 h6 12. Nf3 Rc8 13. O-O Re8 14. Rfd1 c5 15. Bb5 Bd7 16. Bxd7 Qxd7 17. dxc5 Rxc5 18. Qb3 Rec8 19. Rd3 Qf5 20. Rad1 Kh7 21. Be5 Ne4 22. Nxd5 Nxd5 23. Rxd5 Rxd5 24. Rxd5 Rc1+ 25. Rd1 Rxd1+ 26. Qxd1 f6 27. Bd4 b6 28. Qa4 a5 29. Bxb6 Qd5 30. Bd4 Bc5 31. Qxa5 Qc4 32. Bxc5 Nxc5 33. Qc3 Qd5 34. Qc2+ g6 35. Nd4 h5 36. b4 Ne4 37. b5 Nd6 38. b6 Qa5 39. Qc7+ Kh6 40. Qxd6 Qe1+ 41. Kh2 Qxf2 1-0


[Site "https://www.chess.com"]

[Event "Titled Tuesday Blitz April 18 Early 2023"]
[White "Cherniaiev, Tykhon"]
[Black "Shapiro, Viktor"]
[WhiteFideId "14182360"]
[BlackFideId "4175700"]
[WhiteElo "2450"]
[BlackElo "2152"]
[Result "1-0"]
[Round "03"]
[TimeControl "180+2"]
[Date "2023.04.18"]
[WhiteClock "0:00:04"]
[BlackClock "0:00:46"]

1. Nf3 Nf6 2. d4 c5 3. c4 cxd4 4. Nxd4 Nc6 5. Nc3 d6 6. g3 Bd7 7. Bg2 e6 8. O-O Be7 9. Ndb5 Qb8 10. Bf4 Ne5 11. Qd4 a6 12. Na3 Ng6 13. Bg5 Qc7 14. Ne4 Nxe4 15. Bxe7 Kxe7 16. Bxe4 Ne5 17. Rad1 Rad8 18. f4 Ng4 19. Bf3 Nf6 20. e4 Bc8 21. Qe3 Qc5 22. Rfe1 Qxe3+ 23. Rxe3 e5 24. f5 Rd7 25. Nc2 Rc7 26. b3 b5 27. Be2 Bd7 28. Nb4 a5 29. Na6 Rb7 30. c5 dxc5 31. Nxc5 Rb6 32. Nxd7 Nxd7 33. Rd5 b4 34. Rxa5 f6 35. Ra7 Rd6 36. Rd3 Rxd3 37. Bxd3 Rb8 38. Bc4 Kd6 39. Kf2 Nc5 40. Ke3 Rb7 41. Ra8 h6 42. a3 bxa3 43. Rxa3 Rb4 44. Ra7 Nxb3 45. Be6 Nc5 46. Bd5 Rb2 47. Rxg7 Rxh2 48. Rf7 Nd7 49. Be6 Nc5 50. Rxf6 Ke7 51. Rg6 h5 52. Bd5 Nd7 53. Re6+ Kf8 54. Bc6 Nc5 55. Rxe5 Nb3 56. Re8+ Kf7 57. e5 Rh3 58. e6+ Kf6 59. Rf8+ Ke5 60. e7 Rxg3+ 61. Kf2 Kf4 62. e8=Q 1-0


[Site "https://www.chess.com"]

[Event "Titled Tuesday Blitz April 18 Early 2023"]
[White "Jovic, Stanoje"]
[Black "Samunenkov, Ihor"]
[WhiteFideId "905020"]
[BlackFideId "14187086"]
[WhiteElo "2236"]
[BlackElo "2457"]
[Result "0-1"]
[Round "03"]
[TimeControl "180+2"]
[Date "2023.04.18"]
[WhiteClock "0:00:21"]
[BlackClock "0:00:21"]

1. c4 c5 2. g3 Nc6 3. Bg2 g6 4. Nc3 Bg7 5. Nf3 d6 6. O-O Rb8 7. e3 Nf6 8. d4 O-O 9. dxc5 dxc5 10. Na4 b6 11. e4 Qxd1 12. Rxd1 Nxe4 13. Bf4 Nd6 14. Rxd6 exd6 15. Bxd6 Be6 16. Bxb8 Rxb8 17. Ng5 Bd7 18. Bd5 Nb4 19. Nc3 Nxd5 20. cxd5 Re8 21. Nge4 Bd4 22. Kg2 Kg7 23. a4 Re5 24. f4 Re7 25. a5 b5 26. Nd6 b4 27. Ncb5 Bxb5 28. Nxb5 Bxb2 29. Rd1 c4 30. d6 Rd7 31. Kf3 c3 32. Nd4 Rxd6 33. Ke2 Rxd4 34. Rxd4 c2 35. Rc4 c1=Q 36. Rxc1 Bxc1 37. Kd3 b3 38. a6 b2 39. Kc2 h5 40. h3 Kf6 41. g4 hxg4 42. hxg4 Bxf4 43. Kxb2 Kg5 0-1


[Site "https://www.chess.com"]

[Event "Titled Tuesday Blitz April 18 Early 2023"]
[White "Eggink, Ryszard"]
[Black "Matinian, Nikita"]
[WhiteFideId "1125869"]
[BlackFideId "24129100"]
[WhiteElo "2283"]
[BlackElo "2422"]
[Result "0-1"]
[Round "03"]
[TimeControl "180+2"]
[Date "2023.04.18"]
[WhiteClock "0:00:38"]
[BlackClock "0:00:20"]

1. d4 Nf6 2. c4 e6 3. Nf3 Bb4+ 4. Bd2 a5 5. g3 O-O 6. Bg2 d5 7. O-O dxc4 8. Bg5 c5 9. a3 Nc6 10. axb4 cxb4 11. Nbd2 Nxd4 12. Nxc4 Nxf3+ 13. Bxf3 Qc7 14. Bxf6 gxf6 15. b3 Rd8 16. Qc1 Ra6 17. Qh6 Qe7 18. Nxa5 f5 19. Nxb7 Rxa1 20. Rxa1 Bxb7 21. Bxb7 e5 22. Ra8 Rxa8 23. Bxa8 e4 24. Bd5 Qe5 25. Bc4 Qa1+ 26. Kg2 Qe5 27. Qg5+ Kf8 28. Qd8+ Kg7 29. Qd7 Qf6 30. Qb7 h5 31. h4 Kg6 32. Qxb4 f4 33. Qf8 f3+ 34. exf3 Qxf3+ 35. Kg1 Qd1+ 36. Kh2 f6 37. Qf7+ Kf5 38. Qxh5+ Qxh5 39. Bf1 Qf3 40. Kg1 Qxb3 41. Bh3+ Ke5 42. Bg2 e3 43. Bf1 f5 44. Bg2 f4 45. Bf1 exf2+ 46. Kxf2 Qxg3+ 47. Ke2 f3+ 0-1


[Site "https://www.chess.com"]

[Event "Titled Tuesday Blitz April 18 Early 2023"]
[White "Delorme, Axel"]
[Black "Jaferian, Koosha"]
[WhiteFideId "632023"]
[BlackFideId "12507440"]
[WhiteElo "2478"]
[BlackElo "2073"]
[Result "1/2-1/2"]
[Round "03"]
[TimeControl "180+2"]
[Date "2023.04.18"]
[WhiteClock "0:02:36"]
[BlackClock "0:02:09"]

1. e4 c6 2. d4 d5 3. Nc3 dxe4 4. Nxe4 Bf5 5. Ng3 Bg6 6. h4 h6 7. Nf3 Nd7 8. h5 Bh7 9. Bd3 Bxd3 10. Qxd3 e6 11. Bd2 Ngf6 12. O-O-O Be7 13. Ne4 O-O 14. Kb1 c5 15. dxc5 Nxc5 16. Qxd8 Rfxd8 17. Nxf6+ Bxf6 18. Be3 Na4 19. c3 b5 20. Kc2 a5 1/2-1/2


[Site "https://www.chess.com"]

[Event "Titled Tuesday Blitz April 18 Early 2023"]
[White "Akylbek2021"]
[Black "Nouri, Alekhine"]
[BlackFideId "5216184"]
[WhiteElo "2404"]
[BlackElo "2151"]
[Result "1/2-1/2"]
[Round "03"]
[TimeControl "180+2"]
[Date "2023.04.18"]
[WhiteClock "0:00:04"]
[BlackClock "0:01:08"]

1. e4 c5 2. Nf3 d6 3. d4 cxd4 4. Qxd4 a6 5. Nc3 Nc6 6. Qd3 Nf6 7. Bg5 Bg4 8. Be2 h6 9. Bh4 e6 10. h3 Bxf3 11. Bxf3 Be7 12. Be2 Qa5 13. O-O O-O 14. a3 Rac8 15. f4 Qb6+ 16. Kh1 Rfd8 17. Rab1 Na5 18. f5 Nc4 19. fxe6 fxe6 20. Bxf6 Bxf6 21. Rxf6 gxf6 22. Qg3+ Kh7 23. Bxc4 Rxc4 24. Rf1 Rg8 25. Qf3 Qxb2 26. Nd1 Qe5 27. Nf2 Rg3 28. Qe2 Qc5 29. Ng4 Rxc2 30. Nxf6+ Kh8 31. Qd1 Rgxg2 32. Ng4 Qe5 33. Rf8+ Kg7 34. Rf7+ Kxf7 35. Nxe5+ dxe5 36. Qd7+ Kf6 37. Qd8+ Kg6 38. Qg8+ Kh5 39. Qf7+ Kh4 40. Qf6+ Kxh3 41. Qxe6+ Rg4 42. Qxh6+ Kg3 43. Qe3+ Kh4 44. Qh6+ Kg3 45. Qe3+ Kh4 46. Qh6+ Kg3 1/2-1/2


[Site "https://www.chess.com"]

[Event "Titled Tuesday Blitz April 18 Early 2023"]
[White "Maung, Maung Kyaw Zaw Hein"]
[Black "HSH1987"]
[WhiteFideId "13001698"]
[WhiteElo "2019"]
[BlackElo "2693"]
[Result "1-0"]
[Round "03"]
[TimeControl "180+2"]
[Date "2023.04.18"]
[WhiteClock "0:00:09"]
[BlackClock "0:00:02"]

1. Nf3 Nf6 2. c4 c5 3. d4 cxd4 4. Nxd4 e6 5. g3 Nc6 6. Nxc6 bxc6 7. Bg2 d5 8. O-O Be7 9. b3 O-O 10. Bb2 a5 11. Nc3 Ba6 12. cxd5 cxd5 13. Re1 Rc8 14. e3 Bb4 15. Rc1 Qe7 16. Bf1 Bxf1 17. Rxf1 Rc7 18. Nb5 Rxc1 19. Qxc1 Ne4 20. f3 Bd2 21. Qc2 Bxe3+ 22. Kg2 Qc5 23. Qd3 Nd2 24. Rc1 Qb6 25. Nd4 Bh6 26. Bc3 e5 27. Bxd2 Bxd2 28. Qxd2 exd4 29. Rd1 Re8 30. Qxd4 Re2+ 31. Kg1 Qxd4+ 32. Rxd4 Rxa2 33. Rxd5 f6 34. Rd7 h5 35. Rb7 Kh7 36. Kf1 Kg6 37. Kg1 1-0


[Site "https://www.chess.com"]

[Event "Titled Tuesday Blitz April 18 Early 2023"]
[White "Kyaw Lay Htaik"]
[Black "Aaditya Dhingra"]
[WhiteFideId "13002007"]
[BlackFideId "25678191"]
[WhiteElo "2261"]
[BlackElo "2083"]
[Result "0-1"]
[Round "03"]
[TimeControl "180+2"]
[Date "2023.04.18"]
[WhiteClock "0:02:01"]
[BlackClock "0:01:47"]

1. d4 Nf6 2. Nf3 d5 3. Bf4 c5 4. e3 Nc6 5. c3 Qb6 6. Qc2 g6 7. Nbd2 Bf5 8. dxc5 Qxc5 9. Qb3 Qb6 10. Qxb6 axb6 11. Bb5 Nd7 12. O-O Bg7 13. Nd4 e5 14. Nxf5 gxf5 15. Bg3 O-O 16. a4 Nc5 17. Rad1 Nxa4 18. Nf3 Rfd8 19. Ra1 Nxb2 20. Rxa8 Rxa8 21. Bxc6 bxc6 22. Nxe5 Bxe5 23. Bxe5 Nc4 24. Bc7 Ra7 25. Bd8 Kg7 26. Rb1 f6 27. Rb4 Ra1+ 0-1


[Site "https://www.chess.com"]

[Event "Titled Tuesday Blitz April 18 Early 2023"]
[White "Bagrationi, Alexander"]
[Black "Bluebaum, Matthias"]
[WhiteFideId "14104954"]
[BlackFideId "24651516"]
[WhiteElo "2398"]
[BlackElo "2638"]
[Result "0-1"]
[Round "03"]
[TimeControl "180+2"]
[Date "2023.04.18"]
[WhiteClock "0:00:28"]
[BlackClock "0:00:58"]

1. e4 e6 2. d4 d5 3. e5 c5 4. c3 Nc6 5. Be3 Nge7 6. Bd3 cxd4 7. cxd4 Nf5 8. Bxf5 exf5 9. Nc3 Be7 10. f4 h6 11. Nge2 Be6 12. Qd3 Rc8 13. O-O O-O 14. Rfc1 Qd7 15. Rc2 Nb4 16. Qd1 Nxc2 17. Qxc2 Rc7 18. Qb3 Rfc8 19. a3 a6 20. a4 Rc4 21. a5 Bb4 22. Kf2 Qc7 23. Qa2 Qd8 24. g3 Rb8 25. Bd2 b6 26. axb6 Rxb6 27. b3 Rc8 28. Na4 Rbb8 29. Bxb4 Rxb4 30. Nc5 Rb6 31. Qa5 Rcb8 32. Nc3 Qc8 33. Ra3 Rb4 34. Ke3 R4b6 35. h4 Rc6 36. N3a4 Rb5 37. Qc3 Bd7 38. Qc2 Rc7 39. Qg2 Bc6 40. Nc3 Rxc5 0-1


[Site "https://www.chess.com"]

[Event "Titled Tuesday Blitz April 18 Early 2023"]
[White "Sarana, Alexey"]
[Black "Fiedorek, Michal"]
[WhiteFideId "24133795"]
[BlackFideId "1199528"]
[WhiteElo "2714"]
[BlackElo "2135"]
[Result "1-0"]
[Round "03"]
[TimeControl "180+2"]
[Date "2023.04.18"]
[WhiteClock "0:00:35"]
[BlackClock "0:00:02"]

1. d4 Nf6 2. c4 e6 3. Nf3 d5 4. g3 Bb4+ 5. Nbd2 O-O 6. Bg2 b6 7. O-O Bb7 8. cxd5 exd5 9. Qb3 Bd6 10. Nb1 a6 11. Nc3 Qe7 12. Bg5 Nbd7 13. Rac1 h6 14. Bf4 Rac8 15. e3 c5 16. Bxd6 Qxd6 17. Qa3 Qe6 18. dxc5 bxc5 19. Rfd1 Rfd8 20. Ne2 Ne4 21. Nf4 Qf5 22. Qb3 Ba8 23. Nxd5 Qe6 24. Nf4 Qxb3 25. axb3 Ndf6 26. Ne5 Rxd1+ 27. Rxd1 Rb8 28. Bf1 a5 29. Bc4 Bb7 30. Nxf7 Kh7 31. h4 Ng4 32. Rd7 Nexf2 33. Nd6 Nh3+ 34. Kf1 Bf3 35. Nf5 Be4 36. Rxg7+ Kh8 37. Ng6# 1-0


[Site "https://www.chess.com"]

[Event "Titled Tuesday Blitz April 18 Early 2023"]
[White "Novikov, Evgenij"]
[Black "Hakobyan, Aram"]
[WhiteFideId "4125380"]
[BlackFideId "13306677"]
[WhiteElo "2242"]
[BlackElo "2584"]
[Result "0-1"]
[Round "03"]
[TimeControl "180+2"]
[Date "2023.04.18"]
[WhiteClock "0:00:01"]
[BlackClock "0:00:06"]

1. d4 Nf6 2. Nf3 g6 3. c4 Bg7 4. Nc3 O-O 5. e4 d6 6. Be2 e5 7. d5 Na6 8. O-O Nc5 9. Qc2 a5 10. Bg5 h6 11. Be3 Ng4 12. Bxc5 dxc5 13. h3 Nf6 14. Nxe5 Nxd5 15. cxd5 Bxe5 16. f4 Bd4+ 17. Kh2 c6 18. Rad1 Qh4 19. Qd3 a4 20. a3 Re8 21. Qf3 Bd7 22. e5 cxd5 23. Nxd5 Bc6 24. Bc4 Kg7 25. Qe2 b5 26. Ba2 Bxd5 27. Bxd5 Rad8 28. Be4 c4 29. g3 Qe7 30. h4 c3 31. bxc3 Bxc3 32. Rxd8 Rxd8 33. Rd1 Rxd1 34. Qxd1 Qxa3 35. h5 g5 36. fxg5 hxg5 37. Qg4 Qb2+ 38. Kh3 Qc1 39. h6+ Kxh6 40. Qf5 g4+ 41. Kxg4 Qd1+ 42. Bf3 Qd4+ 43. Kh3 Qxe5 44. Qxf7 Qf6 45. Qh5+ Kg7 46. Qxb5 Qxf3 47. Qxa4 Qh1+ 48. Kg4 Bf6 49. Qf4 Qh8 50. Qf5 Qb8 51. Qd7+ Kg6 52. Qf5+ Kg7 53. Qd7+ Kh8 54. Qf5 Qg8+ 55. Kf3 Qc4 56. Qe4 Qc3+ 57. Kg4 Qa1 58. Qf5 Kg7 59. Qf4 Qd1+ 60. Kf5 Qd7+ 61. Ke4 Qc6+ 62. Ke3 Qc1+ 63. Kf3 Qh1+ 64. Kf2 Qh5 65. Qf3 Qc5+ 66. Ke2 Qc2+ 67. Ke3 Bg5+ 68. Kd4 Qd2+ 69. Kc5 Bf6 70. Qg4+ Kf7 0-1


[Site "https://www.chess.com"]

[Event "Titled Tuesday Blitz April 18 Early 2023"]
[White "Sowul, Bartosz"]
[Black "Svane, Rasmus"]
[WhiteFideId "1137590"]
[BlackFideId "4657101"]
[WhiteElo "2188"]
[BlackElo "2597"]
[Result "0-1"]
[Round "03"]
[TimeControl "180+2"]
[Date "2023.04.18"]
[WhiteClock "0:00:26"]
[BlackClock "0:00:56"]

1. e4 c6 2. d4 d5 3. e5 Bf5 4. h4 h5 5. Bd3 Bxd3 6. Qxd3 Qa5+ 7. Nd2 e6 8. Nf3 Nh6 9. O-O Nf5 10. Nb3 Qb5 11. Qd1 c5 12. dxc5 Bxc5 13. Nxc5 Qxc5 14. Bg5 Nc6 15. c3 Rc8 16. Re1 Kd7 17. Qb3 Kc7 18. Be3 Qc4 19. Qa3 Kb8 20. Rad1 Nxh4 21. Nxh4 Qxh4 22. Rd4 Nxd4 23. Bxd4 b6 24. Qa6 Qe7 25. a4 Qb7 26. Qd3 a6 27. b4 Rc4 28. a5 b5 29. Re3 Rhc8 30. Qh7 g6 31. Rf3 R8c7 32. Bb6 Rxc3 33. Bxc7+ Rxc7 34. Qg8+ Qc8 35. Qg7 Qd7 36. Qf8+ Kb7 37. g3 d4 38. Qd6 Qxd6 39. exd6 Rd7 40. Rf4 e5 41. Rf6 Kc6 42. Kf1 Kd5 43. Ke2 e4 44. Kd2 Ke5 45. Rf4 g5 0-1


[Site "https://www.chess.com"]

[Event "Titled Tuesday Blitz April 18 Early 2023"]
[White "Kollars, Dmitrij"]
[Black "Devaev, Alexander"]
[WhiteFideId "12909572"]
[BlackFideId "4169395"]
[WhiteElo "2584"]
[BlackElo "2204"]
[Result "1/2-1/2"]
[Round "03"]
[TimeControl "180+2"]
[Date "2023.04.18"]
[WhiteClock "0:00:33"]
[BlackClock "0:00:10"]

1. c4 c5 2. Nc3 e6 3. Nf3 Nf6 4. d4 cxd4 5. Nxd4 a6 6. e4 d6 7. f4 Be7 8. Bd3 O-O 9. O-O Nc6 10. Nc2 Qc7 11. g4 Nd7 12. g5 Nc5 13. f5 Ne5 14. Be2 Qd8 15. h4 Kh8 16. b4 Ncd7 17. Be3 Nb6 18. Qd4 Nbd7 19. Rad1 b6 20. Na4 Rb8 21. b5 a5 22. Rf2 Bb7 23. Rdf1 Ba8 24. Kh2 Rc8 25. f6 gxf6 26. gxf6 Nxf6 27. Nxb6 Rb8 28. Nxa8 Rxa8 29. c5 Rg8 30. Kh3 Rg7 31. cxd6 Bxd6 32. Rxf6 Rc8 33. Bh6 Qg8 34. Bxg7+ Qxg7 35. Qxd6 Rc3+ 36. R6f3 Qg4+ 37. Kh2 Qxh4+ 38. Kg2 Qg4+ 39. Kf2 Qh4+ 40. Kg1 Qg4+ 41. Kh1 Qh4+ 42. Kg2 Qg4+ 43. Kh2 Qh4+ 44. Kg2 1/2-1/2


[Site "https://www.chess.com"]

[Event "Titled Tuesday Blitz April 18 Early 2023"]
[White "Ibarra Jerez, Jose Carlos"]
[Black "Principe, Alexander"]
[WhiteFideId "2226332"]
[BlackFideId "3804542"]
[WhiteElo "2638"]
[BlackElo "2203"]
[Result "1-0"]
[Round "03"]
[TimeControl "180+2"]
[Date "2023.04.18"]
[WhiteClock "0:01:38"]
[BlackClock "0:00:50"]

1. e4 c5 2. Nf3 Nc6 3. d4 cxd4 4. Nxd4 Nf6 5. Nc3 d6 6. Nd5 e6 7. Nxf6+ gxf6 8. Nxc6 bxc6 9. Qh5 Qb6 10. Bd3 e5 11. O-O Be6 12. b3 d5 13. Qh4 Be7 14. Qh6 O-O-O 15. Be3 d4 16. Bd2 Rhg8 17. f4 Rg6 18. Qh5 Rdg8 19. Rf2 Bg4 20. Qxh7 R6g7 21. Qh6 Qd8 22. fxe5 Rg6 23. Qf4 fxe5 24. Qxe5 Bd6 25. Qa5 Qh4 26. e5 1-0


[Site "https://www.chess.com"]

[Event "Titled Tuesday Blitz April 18 Early 2023"]
[White "Musovic, Armin"]
[Black "Gupta, Abhijeet"]
[WhiteFideId "939935"]
[BlackFideId "5010608"]
[WhiteElo "2322"]
[BlackElo "2528"]
[Result "0-1"]
[Round "03"]
[TimeControl "180+2"]
[Date "2023.04.18"]
[WhiteClock "0:01:51"]
[BlackClock "0:02:18"]

1. a3 g6 2. Nc3 Bg7 3. e4 c5 4. Bc4 Nc6 5. d3 d6 6. Bg5 h6 7. Bh4 Nf6 8. Nge2 g5 9. Bg3 Nh5 10. O-O e6 11. Qd2 a6 12. Ba2 O-O 13. f4 Nxg3 14. Nxg3 g4 15. Nce2 Qh4 16. c3 Kh8 17. f5 Bd7 18. f6 Bxf6 19. Rxf6 Qxf6 20. Rf1 Qg5 21. Qxg5 hxg5 22. Rf6 Ne7 23. Nh5 Ng8 24. Rf2 f5 25. exf5 Rxf5 26. Neg3 Rxf2 27. Kxf2 Rf8+ 28. Kg1 d5 29. d4 cxd4 30. cxd4 Rc8 31. h3 gxh3 32. gxh3 Rc2 33. Ng7 0-1


[Site "https://www.chess.com"]

[Event "Titled Tuesday Blitz April 18 Early 2023"]
[White "Womacka, Mathias"]
[Black "Grigoriants, Sergey"]
[WhiteFideId "4611390"]
[BlackFideId "4130804"]
[WhiteElo "2377"]
[BlackElo "2502"]
[Result "1-0"]
[Round "03"]
[TimeControl "180+2"]
[Date "2023.04.18"]
[WhiteClock "0:01:38"]
[BlackClock "0:00:12"]

1. e4 c5 2. Nf3 Nc6 3. d4 cxd4 4. Nxd4 Nf6 5. Nc3 e6 6. Ndb5 d6 7. Bf4 e5 8. Bg5 a6 9. Na3 b5 10. Nd5 Be7 11. Bxf6 Bxf6 12. c3 Bg5 13. Nc2 Ne7 14. h4 Bh6 15. Ncb4 O-O 16. a4 bxa4 17. Qxa4 Bb7 18. Qa5 Nxd5 19. Nxd5 Bxd5 20. Qxd5 Qb6 21. b3 a5 22. Bc4 Ra7 23. O-O Rd8 24. Ra2 g6 25. Rfa1 Rda8 26. g3 Bf8 27. Rxa5 1-0


[Site "https://www.chess.com"]